 Dungeon Crawl Stone Soup version 0.31-a0-1164-geb876a39b7 (webtiles) character file.

Game seed: 4518850137163447971

133420 tilp the Unseen (level 16, -2/129 HPs)
             Began as a Vampire Enchanter on Dec 9, 2023.
             Was the Champion of Wu Jian.
             Killed from afar by a naga warrior (3 damage)
             ... with a splash of poison
             ... on level 2 of the Snake Pit.
             The game lasted 01:20:45 (33672 turns).

tilp the Unseen (Vampire Enchanter)                Turns: 33672, Time: 01:20:46

Health: -2/129     AC: 15    Str:  7    XL:     16   Next: 59%
Magic:  26/29      EV: 22    Int: 23    God:    Wu Jian [******]
Gold:   1601       SH:  9    Dex: 23    Spells: 6/33 levels left

rFire   + . .        a - +7 dagger (freeze)
rCold   + . .        Z - +3 buckler {reflect}
rNeg    . . .        B - +0 steam dragon scales
rPois   +            C - +2 helmet
rElec   .            e - scarf {rC+ rF+}
rCorr   .            n - +1 pair of gloves of the Ward {*Slow rPois Will++ Stlth+}
SInv    +            V - +2 pair of boots
Will    +++..        I - amulet of magic regeneration
Stlth   ++++++++     v - ring of wizardry
HPRegen 0.61/turn    A - +6 ring of dexterity
MPRegen 0.61/turn

%: slow self (1%), reflection, wizardry (x1)
@: lethally poisoned (-2 -> -6), healing quickly
A: alive, fangs 3, see invisible, vampiric 2
a: Exsanguinate, Renounce Religion, Wall Jump, Serpent's Lash, Heavenly Storm


You were on level 2 of the Snake Pit.
You worshipped Wu Jian.
Wu Jian was exalted by your worship.
You visited 5 branches of the dungeon, and saw 25 of its levels.
You also visited: Ossuary, Bailey, Gauntlet and Volcano.

You collected 3665 gold pieces.
You spent 2064 gold pieces at shops.

Inventory:

Hand Weapons
 a - a +7 dagger of freezing (weapon)
 L - a +5 dagger
 U - a +1 vampiric demon blade
Missiles
 g - 16 darts of dispersal
 z - 20 poisoned darts (quivered)
 H - 13 boomerangs
 N - 5 curare-tipped darts
 O - 12 javelins
 T - 10 silver javelins
Armour
 e - a scarf of resistance (worn)
 n - the +1 pair of gloves of the Ward (worn) {*Slow rPois Will++ Stlth+}
   (You found it on level 2 of the Lair of Beasts)

   rPois:     It protects you from poison Will++: It greatly increases your
   willpower.
   *Slow:     It may slow you when you take damage.
   Stlth+:    It makes you more stealthy.
 x - the +3 ring mail of Ecacilo {rElec rC+ Str+4}
   (You found it in a Gauntlet)

   Str+4:     It affects your strength (+4).
   rC+:       It protects you from cold.
   rElec:     It insulates you from electricity.
 B - +0 steam dragon scales (worn)
 C - a +2 helmet (worn)
 D - a +2 pair of gloves
 E - a +0 cloak
 V - a +2 pair of boots (worn)
 Z - a +3 buckler of reflection (worn)
Jewellery
 t - an amulet of regeneration
 v - a ring of wizardry (left hand)
 A - a +6 ring of dexterity (right hand)
 I - an amulet of magic regeneration (around neck)
 J - a ring of poison resistance
 R - a ring of willpower
 Y - a ring of protection from fire
Wands
 b - a wand of mindburst (8)
 y - a wand of charming (16)
 G - a wand of flame (66)
 K - a wand of iceblast (20)
 M - a wand of quicksilver (16)
 Q - a wand of digging (10)
 W - a wand of polymorph (10)
Scrolls
 h - 3 scrolls of fog
 k - a scroll of revelation
 l - 14 scrolls of teleportation
 m - 4 scrolls of fear
 F - 3 scrolls of blinking
 P - 9 scrolls of identify
Potions
 c - a potion of invisibility
 d - 6 potions of magic
 f - 3 potions of lignification
 i - 5 potions of enlightenment
 j - 7 potions of brilliance
 o - 4 potions of mutation
 p - 8 potions of curing
 q - 3 potions of attraction
 s - 2 potions of heal wounds
 u - 6 potions of haste
 w - 2 potions of ambrosia
 S - 5 potions of resistance
 X - 2 potions of cancellation
Miscellaneous
 r - a sack of spiders


   Skills:
 * Level 12.4 Fighting
 - Level 10.0 Short Blades
 * Level 6.8 Armour
 * Level 12.6 Dodging
 + Level 15.6 Stealth
 + Level 2.2 Shields
 + Level 9.3 Spellcasting
 - Level 6.0 Conjurations
 + Level 15.4 Hexes
 - Level 8.0 Transmutations
 - Level 2.0 Ice Magic
 + Level 8.3 Evocations


You had 6 spell levels left.
You knew the following spells:

 Your Spells              Type           Power      Damage    Failure   Level
a - Ensorcelled Hibernat  Hex/Ice        100%       N/A       1%          2
b - Confusing Touch       Hex            69%        N/A       1%          3
c - Tukima's Dance        Hex            69%        N/A       1%          3
d - Dazzling Flash        Conj/Hex       100%       N/A       1%          3
e - Yara's Violent Unrav  Hex/Tmut       29%        3d12      1%          5
f - Fulminant Prism       Conj/Hex       28%        3d14      1%          4
g - Enfeeble              Hex            34%        N/A       6%          7

Your spell library contained the following spells:

 Spells                   Type           Power      Damage    Failure   Level
 Magic Dart               Conj           100%       1d8       1%          1
 Searing Ray              Conj           76%        2d7       1%          2
 Inner Flame              Hex/Fire       46%        N/A       1%          3
 Sigil of Binding         Hex            69%        N/A       1%          3
 Summon Guardian Golem    Hex/Summ       46%        N/A       1%          3
 Anguish                  Hex/Necr       23%        N/A       1%          4
 Cause Fear               Hex            34%        N/A       1%          4
 Dimensional Bullseye     Hex/Tloc       23%        N/A       1%          4
 Leda's Liquefaction      Hex/Erth       23%        N/A       1%          4
 Stone Arrow              Conj/Erth      48%        3d10      3%          3
 Metabolic Englaciation   Hex/Ice        25%        N/A       3%          5
 Apportation              Tloc           20%        N/A       4%          1
 Necrotise                Necr           40%        1d6       4%          1
 Summon Small Mammal      Summ           40%        N/A       4%          1
 Ignite Poison            Fire/Tmut/Pois 22%        N/A       4%          3
 Frozen Ramparts          Ice            38%        1d6       5%          3
 Cigotuvi's Dreadful Rot  Necr/Pois/Air  20%        N/A       6%          2
 Lesser Beckoning         Tloc           20%        N/A       6%          2
 Scorch                   Fire           20%        2d5       6%          2
 Petrify                  Tmut/Erth      29%        N/A       8%          4
 Call Canine Familiar     Summ           10%        N/A       12%         3
 Gell's Gravitas          Tloc           10%        N/A       12%         3
 Teleport Other           Tloc           10%        N/A       12%         3
 Vampiric Draining        Necr           10%        2d6       12%         3
 Brom's Barrelling Bould  Conj/Erth      24%        2d5       12%         4
 Flame Wave               Conj/Fire      24%        2d8       12%         4
 Iskenderun's Mystic Bla  Conj/Tloc      24%        2d7       12%         4
 Sticky Flame             Conj/Fire      24%        2d5       12%         4
 Freezing Cloud           Conj/Ice/Air   11%        6-21      34%         5
 Animate Armour           Summ/Erth      20%        N/A       36%         4
 Passage of Golubria      Tloc           10%        N/A       36%         4
 Agony                    Necr           10%        N/A       69%         5
 Summon Cactus Giant      Summ           5%         N/A       99%         6
 Lehudib's Crystal Spear  Conj/Erth      12%        10d4      100%        8


Dungeon Overview and Level Annotations

Branches:
Dungeon (15/15)            Temple (1/1) D:7            Lair (5/5) D:9
 Shoals (0/4) Lair:3        Snake (2/4) Lair:2        Slime (0/5) Lair:5
    Orc (2/2) D:9             Elf (0/3) Orc:2        Vaults (0/5) D:13
 Depths (0/4) D:15        Ossuary (visited)          Bailey (visited)
Volcano (visited)         Gauntlet (visited)

Altars:
Ashenzari
Cheibriados
Dithmenos
Fedhas
Gozag
Hepliaklqana
Kikubaaqudgha
Makhleb
Nemelex Xobeh
Okawaru
Qazlal
Ru
Sif Muna
Trog
Uskayaw
Vehumet
Wu Jian
Xom
Yredelemnul
Jiyva

Shops:
D:8 [   D:12 *   Orc:1 :*   Orc:2 *([=

Portals:
Trove: D:10 (show abyssal rune of Zot)

Annotations:
D:11 1 runed translucent door, exclusion: flayed ghost
Lair:5 3 runed translucent doors, Otiecvoz's ghost, journeyman DsNe


Innate Abilities, Weirdness & Mutations

Your natural rate of healing is accelerated.
You have razor-sharp teeth.
You have supernaturally acute eyesight. (SInv)
You are afflicted with vampirism and can become a bat while bloodless.


Message History

Press: ? - help, Shift-Dir - straight line, f/p - guardian serpent
Aim: a guardian serpent (chance to affect: 37%)
The guardian serpent easily resists.
The naga warrior shouts!
The guardian serpent hits you!!
* * * LOW HITPOINT WARNING * * *
The guardian serpent completely misses you.
Casting: Ensorcelled Hibernation (safe; 1% risk of failure)
Confirm with . or Enter, or press ? or * to list all spells.
Aiming: Ensorcelled Hibernation (safe; 1% risk of failure)
Press: ? - help, Shift-Dir - straight line, f/p - guardian serpent
Aim: a guardian serpent (chance to affect: 37%)
The guardian serpent easily resists.
You block the guardian serpent's attack.
The guardian serpent misses you.
You block the guardian serpent's attack.
The guardian serpent attacks as it pursues you!
The guardian serpent hits you.
* * * LOW HITPOINT WARNING * * *
The naga warrior spits poison at you.
The splash of poison hits you but does no damage.
You resist.
The guardian serpent completely misses you.
Things that are here:
a +0 shortbow of flaming; a salamander corpse The guardian serpent casts a spell at you.
The bolt of poison hits you. You resist.
* * * LOW HITPOINT WARNING * * *
There is a stone staircase leading up, spattered with blood here.
Unknown command.
You feel yourself speed up. The guardian serpent misses you.
The naga warrior spits poison at you. The splash of poison misses you.
The guardian serpent hits you!
* * * LOW HITPOINT WARNING * * *
The naga warrior spits poison at you. The splash of poison hits you.
You are lethally poisoned!
You resist.
You die...

..............# ###......
.......######## ###.N......
.......# ###.....?...#
.......##########.$.......###
.......#..............N.###
......................###
.................N...##
##...................##
###............@S†...#
#####..............#
#...............# ##
#...............# .####
#..................
....####..................
........).................
..........................
.......................###


You could see 2 naga warriors, a guardian serpent and a naga.

Vanquished Creatures
  Saint Roka (Orc:2)
  Kirke (D:14)
  2 orc warlords
  A minotaur (Gauntlet)
  Snorg (D:14)
  7 hydras
  Erolcha (D:12)
  A rakshasa (D:15)
  2 centaur warriors
  2 anacondas (Snake:1)
  A death knight (D:14)
  3 boulder beetles
  3 two-headed ogres
  6 death yaks
  4 naga warriors
  An occultist (D:15)
  A thrashing horror (Gauntlet)
  6 naga sharpshooters
  The ghost of Tungsten the Covert, a novice OpEn of Ashenzari (D:9)
  3 shock serpents
  The ghost of MrClown the Carver, a novice MiGl (D:7)
  Sonja (D:13)
  Urug (Lair:1)
  4 skysharks
  3 skeletal warriors (D:12)
  2 goliath frogs (Lair:5)
  Lodul (D:14)
  4 slime creatures
  A naga ritualist (Snake:2)
  A deep elf archer (Volcano)
  A phantasmal warrior (D:14)
  3 mana vipers
  8 orc knights
  9 deep elf pyromancers
  2 necromancers
  A harpy (Lair:3)
  A wolf spider zombie (D:12)
  13 orc sorcerers
  4 ugly things
  5 cyclopes
  2 manticores
  4 salamanders
  14 elephants
  9 centaur zombies (D:12)
  12 kobold blastminers
  13 black mambas
  2 gargoyles (D:12)
  2 guardian serpents
  5 naga magi
  22 cane toads
  A torpor snail (Lair:5)
  A centaur skeleton (D:15)
  A kobold demonologist (D:9)
  An unseen horror (shapeshifter) (D:15)
  6 komodo dragons
  An efreet (D:15)
  3 rime drakes
  A yaktaur (D:15)
  2 freezing wraiths (D:14)
  7 trolls
  3 meliai
  A hornet (D:8)
  3 polar bears
  3 tyrant leeches (Lair:5)
  21 blink frogs
  7 dream sheep (Lair:5)
  4 meliai zombies
  Sigmund (D:5)
  4 small abominations (Gauntlet)
  2 centaur simulacra (D:15)
  4 shadows
  8 wyverns
  6 wraiths
  6 fire elementals (Volcano)
  6 basilisks
  35 yaks
  3 vampires (D:12)
  6 hogs (D:14)
  10 vampire mosquitoes
  15 humans (D:13)
  4 steam dragons
  The ghost of Shym the Magician, an amateur DjFE (D:3)
  21 nagas
  8 wargs
  18 water moccasins
  An acid dragon (D:13)
  5 hell hounds (Volcano)
  An ice beast (D:7)
  36 orc warriors
  A sky beast (D:7)
  7 wolves
  19 ogres
  6 centaurs
  4 kobold brigands
  14 bullfrogs
  3 scorpions
  A gnoll sergeant (D:9)
  9 wights
  9 killer bees
  2 electric eels (Lair:2)
  A howler monkey (D:8)
  A crimson imp (D:4)
  4 hounds
  9 jellies
  2 gnoll boudas
  21 orc priests
  A sleepcap (D:8)
  6 iguanas
  22 orc wizards
  A hell rat (Lair:2)
  2 boggart skeletons (D:15)
  2 crocodile zombies (Ossuary)
  3 mummies (Ossuary)
  9 gnolls
  8 adders
  A shadow imp (D:8)
  A white imp (D:7)
  2 ufetubi (D:6)
  3 spectral adders (Ossuary)
  3 worms
  2 adder simulacra (Ossuary)
  94 orcs
  2 spectral bats (Ossuary)
  9 endoplasms
  3 giant cockroaches
  6 goblins
  9 hobgoblins
  2 jackals (D:1)
  20 kobolds
  2 quokkas
  5 ball pythons
  3 bats
  5 bat simulacra (Ossuary)
  4 frilled lizards
  10 gnoll zombies (Ossuary)
  5 goblin zombies
  8 hobgoblin zombies
  3 kobold simulacra (Ossuary)
  2 kobold skeletons (D:4)
  4 kobold zombies (Ossuary)
  8 orc zombies
  A quokka zombie (D:4)
  10 rats
  A rat zombie (D:4)
  3 spectral jackals (Ossuary)
  2 spectral kobolds (Ossuary)
866 creatures vanquished.

Vanquished Creatures (collateral kills)
  Louise (D:14)
  An orc warlord (D:9)
  Nessos (D:13)
  A skeletal warrior (D:12)
  An ogre (D:14)
  An orc priest (Orc:2)
  A gnoll (D:7)
  An orc (Orc:2)
  A goblin (D:14)
9 creatures vanquished.

Vanquished Creatures (others)
  A deep elf zephyrmancer (D:15)
  A troll (D:13)
  A human (D:13)
  A yak (Lair:3)
  A vampire mosquito (D:13)
  11 dancing weapons
  An ogre (D:14)
  A bullfrog (Lair:3)
  A gnoll (D:9)
19 creatures vanquished.

Grand Total: 894 creatures vanquished

Notes
Turn   | Place    | Note
-------+----------+-------------------------------------------
     0 | D:1      | tilp the Vampire Enchanter began the quest for the Orb.
     0 | D:1      | Reached XP level 1. HP: 13/13 MP: 3/3
    27 | D:1      | Found Pawixuipt's Magic Scroll Emporium.
   202 | D:1      | Reached XP level 2. HP: 20/20 MP: 5/5
   210 | D:1      | Learned a level 2 spell: Ensorcelled Hibernation
   250 | D:1      | Bought a scroll of identify for 22 gold pieces
   814 | D:2      | Reached skill level 1 in Fighting
   847 | D:2      | HP: 1/21 [worm (9)]
   937 | D:2      | Gained mutation: You are afflicted with vampirism and can
                  | become a bat while bloodless. [Vampire growth]
   937 | D:2      | Reached XP level 3. HP: 26/26 MP: 6/6
   941 | D:2      | Learned a level 3 spell: Confusing Touch
  1589 | D:1      | Bought a scroll of fear for 44 gold pieces
  1589 | D:1      | Bought a scroll of teleportation for 33 gold pieces
  1651 | D:3      | Reached XP level 4. HP: 32/32 MP: 2/7
  1866 | D:3      | Reached skill level 5 in Stealth
  2093 | D:3      | Found a runed translucent door.
  2096 | D:3      | Noticed Shym's ghost (amateur DjFE)
  2124 | D:3      | Found an ancient bone altar of Kikubaaqudgha.
  2213 | D:3      | Reached skill level 5 in Hexes
  2632 | D:1      | Bought a scroll of identify for 22 gold pieces
  2632 | D:1      | Bought a scroll of noise for 11 gold pieces
  2632 | D:1      | Bought a scroll of identify for 22 gold pieces
  2779 | D:4      | Reached XP level 5. HP: 37/38 MP: 0/8
  2802 | D:4      | Found a sand-covered staircase.
  2850 | Ossuary  | Entered an ossuary
  3342 | Ossuary  | Reached XP level 6. HP: 22/46 MP: 3/10
  3520 | D:4      | Learned a level 3 spell: Tukima's Dance
  4057 | D:1      | Bought a scroll of identify for 22 gold pieces
  4057 | D:1      | Bought a scroll of identify for 22 gold pieces
  4117 | D:3      | Killed Shym's ghost
  4118 | D:3      | Reached XP level 7. HP: 52/52 MP: 7/11
  4332 | D:4      | Learned a level 3 spell: Dazzling Flash
  4348 | D:5      | Entered Level 5 of the Dungeon
  4826 | D:5      | Noticed Sigmund
  4829 | D:5      | Killed Sigmund
  4830 | D:5      | Reached skill level 5 in Short Blades
  4992 | D:5      | Reached XP level 8. HP: 60/60 MP: 10/13
  5620 | D:6      | Identified the +4 falchion of Crusades {freeze, rN+ Str+2}
  5664 | D:6      | Reached skill level 1 in Conjurations
  5780 | D:6      | Reached skill level 1 in Ice Magic
  5787 | D:6      | Reached skill level 1 in Evocations
  6660 | D:1      | Bought a scroll of teleportation for 33 gold pieces
  6660 | D:1      | Bought a scroll of teleportation for 33 gold pieces
  6851 | D:7      | Found a runed translucent door.
  6852 | D:7      | Noticed MrClown's ghost (novice MiGl)
  6896 | D:7      | Noticed a +0 dagger
  6896 | D:7      | Noticed a +0 spear
  6896 | D:7      | Noticed a +0 dagger
  6896 | D:7      | Noticed a +0 spear
  6896 | D:7      | Noticed a +0 short sword
  6896 | D:7      | Noticed a +0 falchion
  6897 | D:7      | Noticed a +0 falchion
  6905 | D:7      | Found a hide-covered altar of Uskayaw.
  6906 | D:7      | Noticed a +0 short sword
  7052 | D:7      | Reached skill level 5 in Fighting
  7052 | D:7      | Reached XP level 9. HP: 68/68 MP: 7/14
  7057 | D:7      | Learned a level 4 spell: Passage of Golubria
  7316 | D:7      | Found a staircase to the Ecumenical Temple.
  8032 | Temple   | Entered the Ecumenical Temple
  8036 | Temple   | Became a worshipper of the Wu Jian Council
  8584 | D:8      | Found Yzileliu's Armour Shop.
  8813 | D:9      | Found a staircase to the Lair.
  8859 | D:9      | Found a flagged portal.
  8887 | Bailey   | Entered a bailey
  9052 | Bailey   | Noticed an orc knight
  9071 | Bailey   | Killed an orc knight
  9090 | Bailey   | Reached * piety under Wu Jian
  9221 | Bailey   | Found a large runed translucent door.
  9221 | Bailey   | Found a large runed translucent door.
  9221 | Bailey   | Noticed a deep elf pyromancer
  9256 | Bailey   | Killed a deep elf pyromancer
  9257 | Bailey   | Reached skill level 5 in Spellcasting
  9257 | Bailey   | Reached XP level 10. HP: 76/76 MP: 12/17
  9304 | Bailey   | Identified the staff "Paetiet" {rElec rF- Conj Tmut Air}
  9312 | Bailey   | Identified the +4 robe "Bilununn" {Str+2 SInv}
  9380 | D:9      | Reached skill level 10 in Stealth
  9386 | D:9      | Found a shadowy altar of Dithmenos.
  9576 | D:9      | Found a staircase to the Orcish Mines.
  9710 | D:9      | You fall into a shaft and drop 1 floor!
  9710 | D:10     | Entered Level 10 of the Dungeon
  9832 | D:9      | Reached skill level 10 in Short Blades
  9909 | D:9      | Found a runed translucent gate.
  9911 | D:9      | Found a runed translucent gate.
  9911 | D:9      | Found a runed translucent gate.
  9911 | D:9      | Noticed Tungsten's ghost (novice OpEn)
  9920 | D:9      | Found a viscous altar of Jiyva.
 10171 | D:9      | Learned a level 5 spell: Yara's Violent Unravelling
 10627 | D:10     | Reached skill level 1 in Armour
 10767 | D:10     | Found a sacrificial altar of Ru.
 10822 | D:10     | Found a portal to a secret trove of treasure.
 11003 | D:10     | Reached ** piety under Wu Jian
 11028 | D:11     | Reached skill level 1 in Transmutations
 11028 | D:11     | Noticed a cyan ugly thing
 11037 | D:11     | Found a gate leading to a gauntlet.
 11042 | Gauntlet | Entered a Gauntlet
 11042 | Gauntlet | Found a transporter.
 11100 | Gauntlet | Found a transporter.
 11111 | Gauntlet | Found a transporter.
 11114 | Gauntlet | Found a transporter.
 11117 | Gauntlet | Noticed a necromancer
 11120 | Gauntlet | Noticed a thrashing horror
 11123 | Gauntlet | Found a transporter.
 11139 | Gauntlet | Found a transporter.
 11141 | Gauntlet | Noticed a wretched star
 11147 | Gauntlet | Noticed a blizzard demon
 11150 | Gauntlet | Found a transporter.
 11162 | Gauntlet | Found a transporter.
 11162 | Gauntlet | Noticed a death yak
 11164 | Gauntlet | Noticed a death yak
 11164 | Gauntlet | Noticed a necromancer
 11167 | Gauntlet | Noticed a death yak
 11176 | Gauntlet | Found a transporter.
 11176 | Gauntlet | Found a transporter.
 11204 | Gauntlet | Found a transporter.
 11204 | Gauntlet | Found a transporter.
 11257 | Gauntlet | Found a transporter.
 11271 | Gauntlet | Found a transporter.
 11565 | Gauntlet | Killed a necromancer
 11566 | Gauntlet | Reached skill level 5 in Dodging
 11827 | Gauntlet | Reached XP level 11. HP: 70/83 MP: 14/18
 11837 | Gauntlet | Killed a thrashing horror
 11876 | Gauntlet | Identified the staff of War {Str+3 Conj Earth}
 11935 | Gauntlet | Noticed a minotaur
 11937 | Gauntlet | Killed a minotaur
 11948 | Gauntlet | Identified the +0 hat of Inaction {rF++ Str+2}
 11953 | Gauntlet | Identified the +3 ring mail of Ecacilo {rElec rC+ Str+4}
 11973 | Gauntlet | Learned a level 4 spell: Fulminant Prism
 12200 | D:11     | Found a runed translucent door.
 12201 | D:11     | Noticed a flayed ghost
 12203 | D:11     | Killed a cyan ugly thing
 12246 | D:11     | Noticed a white ugly thing
 12434 | D:11     | Killed a white ugly thing
 12943 | D:11     | Noticed a purple ugly thing
 13037 | Lair:1   | Entered Level 1 of the Lair of Beasts
 13112 | Lair:1   | You fall into a shaft and drop 1 floor!
 13143 | Lair:2   | Reached skill level 10 in Hexes
 13377 | Lair:2   | Noticed a skyshark
 13673 | Lair:1   | Noticed Urug
 13978 | Lair:1   | Reached XP level 12. HP: 91/91 MP: 17/20
 14335 | Lair:1   | Killed Urug
 14427 | Lair:1   | Reached *** piety under Wu Jian
 14739 | Lair:1   | Found the +8 whip "Snakebite" {venom, curare, rPois}
 15304 | Lair:2   | Identified the +2 battleaxe "Orb Guardian's Regret" {chaos,
                  | Dex+4 SInv}
 15462 | Lair:2   | Identified the +1 pair of gloves of the Ward {*Slow rPois
                  | Will++ Stlth+}
 15619 | Lair:2   | Found a staircase to the Snake Pit.
 15661 | Lair:2   | Reached **** piety under Wu Jian
 15680 | Lair:2   | Noticed a death yak
 15680 | Lair:2   | Noticed a death yak
 15680 | Lair:2   | Noticed a death yak
 15680 | Lair:2   | Noticed a death yak
 15680 | Lair:2   | Noticed a death yak
 15695 | Lair:2   | Noticed a death yak
 15779 | Lair:1   | Killed a death yak
 16129 | Lair:2   | Killed a death yak
 16179 | Lair:1   | Killed a death yak
 16544 | Lair:2   | Found a staircase to the Snake Pit.
 16783 | Lair:2   | Killed a death yak
 16803 | Lair:2   | Killed a death yak
 16809 | Lair:2   | Killed a death yak
 17314 | Lair:3   | Found a staircase to the Shoals.
 17329 | Lair:3   | Reached XP level 13. HP: 101/101 MP: 19/23
 17946 | Lair:3   | Reached skill level 10 in Dodging
 17962 | Lair:3   | Reached skill level 10 in Fighting
 18927 | Lair:4   | Reached ***** piety under Wu Jian
 19473 | Lair:5   | Entered Level 5 of the Lair of Beasts
 20045 | Lair:5   | Found a staircase to the Slime Pits.
 20046 | Lair:5   | Found a runed translucent gate.
 20050 | Lair:5   | Found a runed translucent gate.
 20050 | Lair:5   | Found a runed translucent gate.
 20066 | Lair:5   | Noticed Otiecvoz's ghost (journeyman DsNe)
 20204 | Lair:5   | Reached skill level 5 in Conjurations
 20350 | Lair:5   | Reached XP level 14. HP: 111/111 MP: 22/25
 20398 | Lair:5   | Reached skill level 5 in Transmutations
 20818 | Lair:5   | Reached skill level 5 in Evocations
 21694 | D:7      | Killed MrClown's ghost
 21837 | D:9      | Killed Tungsten's ghost
 21838 | D:9      | Reached skill level 5 in Armour
 21921 | Orc:1    | Entered Level 1 of the Orcish Mines
 21989 | Orc:1    | Found Qeroq's Book Shop.
 22078 | Orc:1    | Noticed an orc warlord
 22263 | D:9      | Killed an orc warlord
 22403 | Orc:1    | Noticed an orc warlord
 22560 | D:8      | HP: 2/113 [orc warlord (5)]
 22696 | D:8      | Killed an orc warlord
 23092 | Orc:1    | Noticed an orc warlord
 23189 | D:9      | Killed an orc warlord
 23348 | D:9      | Reached ****** piety under Wu Jian
 23859 | Orc:1    | You fall into a shaft and drop 1 floor!
 23859 | Orc:2    | Entered Level 2 of the Orcish Mines
 23862 | Orc:2    | Found a staircase to the Elven Halls.
 23925 | Orc:2    | Found a dark tunnel.
 23951 | Volcano  | Entered a volcano
 24694 | Orc:1    | Identified the +4 great sword "Kudow" {antimagic, Will++}
 24726 | Orc:1    | Identified the +7 longbow of Fate {freeze, Will++ Int+3
                  | Dex-4}
 24729 | Orc:1    | Got the Elucidation of Wild Ensorcelling
 24790 | Orc:1    | Found Forus's Assorted Antiques.
 24830 | Orc:1    | Bought a scroll of enchant armour for 172 gold pieces
 24918 | Orc:1    | Bought a book of Hexes for 540 gold pieces
 24926 | Orc:1    | Learned a level 7 spell: Enfeeble
 24976 | Orc:2    | Reached XP level 15. HP: 119/119 MP: 24/27
 25413 | Orc:2    | Found a radiant altar of Vehumet.
 25481 | Orc:2    | Found Heohych's Jewellery Shoppe.
 25788 | Orc:2    | Found Joycaeco's Assorted Antiques.
 26291 | Orc:2    | Noticed Saint Roka
 26727 | Orc:2    | Killed Saint Roka
 26889 | Orc:2    | Found Niyc's Antique Weapon Boutique.
 26911 | Orc:2    | Found Qeheag's Antique Armour Shop.
 27078 | Orc:2    | Bought a transparent amber ring for 85 gold pieces
 27078 | Orc:2    | Identified the ring "Etyguw" {Will- MP+9 Str+3 Dex+3
                  | Stlth+} (You bought it in a shop on level 2 of the Orcish
                  | Mines)
 27078 | Orc:2    | Bought a red potion for 15 gold pieces
 27143 | Orc:1    | Bought a fading robe for 131 gold pieces
 27143 | Orc:1    | Identified the +2 robe "Intesh" {rC- rCorr Int+5 Stlth+}
                  | (You bought it in a shop on level 1 of the Orcish Mines)
 27185 | Orc:2    | Bought a shiny buckler for 262 gold pieces
 27250 | Orc:2    | Bought a shiny wooden ring for 85 gold pieces
 27329 | Orc:2    | Bought an amulet of magic regeneration for 510 gold pieces
 27919 | D:12     | Found Pycuegom's Overcharged Wands.
 28297 | D:12     | Noticed Erolcha
 28326 | D:12     | Killed Erolcha
 28936 | D:13     | Noticed Nessos
 28936 | D:13     | Found a gate to the Vaults.
 29023 | D:13     | Found an ancient bone altar of Kikubaaqudgha.
 29049 | D:13     | Killed Nessos
 29556 | D:13     | Noticed Sonja
 29562 | D:13     | Killed Sonja
 29842 | D:14     | Noticed Snorg
 29848 | D:14     | Killed Snorg
 30235 | D:14     | Noticed Lodul
 30245 | D:14     | Killed Lodul
 30269 | D:14     | Reached skill level 15 in Stealth
 30398 | D:14     | Noticed Kirke
 30414 | D:14     | Noticed Louise
 30424 | D:14     | Killed Kirke
 30440 | D:14     | Killed Louise
 30441 | D:14     | Reached skill level 15 in Hexes
 30448 | D:14     | Reached XP level 16. HP: 127/127 MP: 17/29
 30619 | D:14     | Found a radiant altar of Vehumet.
 30664 | D:15     | Entered Level 15 of the Dungeon
 30693 | D:15     | Identified the +0 scale mail of the Monkey {rCorr}
 31135 | D:15     | Found a staircase to the Depths.
 31443 | Snake:1  | Entered Level 1 of the Snake Pit
 31495 | Snake:1  | Reached skill level 1 in Shields
 31501 | Snake:1  | HP: 5/127 [something (19)]
 33672 | Snake:2  | HP: 1/129 [guardian serpent (14)]
 33672 | Snake:2  | Killed from afar by a naga warrior

Illustrated notes

Levels and vault maps discovered:
D:1:      minmay_arrival_cross, layout_basic, serial_shops,
          nicolae_shop_behind_doors, minmay_misc_feat_room
D:2:      layout_basic
D:3:      layout_basic, lemuel_crystal_altar, hellmonk_ghost_happy_afterlife
D:4:      layout_gridville, nicolae_tso_besieged_by_evil, enter_ossuary_4
D:5:      layout_loops_ring, serial_park_tiny_pond, uniq_sigmund
D:6:      layout_loops_ring, serial_rivers, chequers_serial_rivers_large_a,
          chequers_serial_rivers_micro_b, chequers_serial_rivers_micro_a,
          chequers_serial_rivers_small_3, chequers_serial_rivers_micro_e
D:7:      layout_loops_corners, nicolae_uskayaw_en_pointe, temple_doors_cd,
          ebering_ghost_inner_flame, minmay_unpleasant_kobolds
D:8:      layout_loops_ring, elyvilon_altar_5, serial_shops,
          nicolae_shop_waterfront
D:9:      layout_cave_pools, grunt_dithmenos_smoke, lair_entry_dummy,
          gammafunk_ghost_ooze, enter_bailey_4
D:10:     layout_basic, nicolae_ru_the_path_less_chosen, enter_trove_3
D:11:     layout_basic, gauntlet_entry_generic, minivault_13
D:12:     layout_basic, serial_undead, serial_undead_b, serial_undead_a,
          serial_undead_d, serial_undead_e, serial_undead_c, serial_undead_d,
          serial_undead_d, serial_undead_b, nicolae_shop_overcharged_wands,
          uniq_erolcha
D:13:     layout_basic, david_vaults_3, hangedman_decor_lopped,
          kiku_gazebo_pond_becter, uniq_sonja
D:14:     layout_rooms, minmay_misc_feat_chi, vehumet_altar_wand_db, uniq_kirke,
          uniq_lodul, uniq_louise, uniq_snorg
D:15:     grunt_enter_depths_magical_seal, layout_rooms
Temple:   kb_temple_of_zot
Lair:1:   minmay_guarded_unrand_snakebite, layout_cave_pods, st_stairs_8,
          uniq_urug
Lair:2:   layout_chaotic_city, minmay_snake_entry_guardpost_medium,
          serial_bayou, serial_bayou_pond_c, serial_bayou_ford_a,
          serial_bayou_pond_b, serial_bayou_pond_a,
          eino_small_chamber_without_monster
Lair:3:   layout_chaotic_city, nicolae_shoals_entry_roost
Lair:4:   layout_regular_city
Lair:5:   minmay_lair_end_frog_pond, layout_gridlike, slime_entry_1,
          gammafunk_ghost_hydra_chop, nicolae_lair_grove_arrangements
Snake:1:  layout_grid_maze
Snake:2:  nicolae_snake_attic_fulla_snakes, layout_onion
Orc:1:    layout_caves, serial_shops, nicolae_shop_stone,
          nicolae_shop_rolling_square, minmay_orc_treasury
Orc:2:    grunt_orc_community_town_hall, layout_caves,
          grunt_orc_community_big_house_2, grunt_orc_community_big_house_2,
          grunt_orc_community_house_1, grunt_orc_community_house_2,
          grunt_orc_community_house_1, grunt_orc_community_house_2, basic_altar,
          enter_volcano_4, david_defended_altar_orc

Skill      XL: |  1  2  3  4  5  6  7  8  9 10 11 12 13 14 15 16 |
---------------+-------------------------------------------------+-----
Fighting       | 1 2 3 4 5 6 7 9 10 11 12 | 12.4
Short Blades   | 2 3 4 5 6 8 10 | 10.0
Stealth        | 5 6 7 9 10 11 12 13 15 | 15.6
Hexes          | 5 6 7 8 9 10 12 13 15 | 15.4
Dodging        | 3 4 5 6 9 10 11 12 | 12.6
Spellcasting   | 3 5 6 7 8 9 |  9.3
Conjurations   | 2 3 4 5 6 |  6.0
Ice Magic      | 1 2 |  2.0
Evocations     | 1 2 3 4 5 7 8 |  8.3
Armour         | 2 3 4 5 6 |  6.8
Transmutations | 1 3 4 6 8 |  8.0
Shields        | 2 |  2.2

Action                     |  1- 3 |  4- 6 |  7- 9 | 10-12 | 13-15 | 16-18 || total
---------------------------+-------+-------+-------+-------+-------+-------++-------
  Melee: Dagger            |   103 |   269 |   193 |   419 |  1087 |   200 ||  2271
         Bite              |    12 |    33 |    20 |    48 |   149 |    30 ||   292
         Punch             |     1 |     3 |     1 |     2 |       |       ||     7
  Throw: Dart              |       |       |       |     1 |       |       ||     1
   Cast: Ensorcelled Hiber |     9 |    19 |    59 |   131 |   368 |    56 ||   642
         Confusing Touch   |       |     8 |     7 |    22 |    55 |    10 ||   102
         Tukima's Dance    |       |       |    15 |     5 |    36 |     7 ||    63
         Dazzling Flash    |       |       |       |    28 |    44 |    24 ||    96
         Yara's Violent Un |       |       |       |       |     6 |     3 ||     9
         Enfeeble          |       |       |       |       |     7 |       ||     7
Ability: Lunge             |       |       |    20 |    40 |   124 |    36 ||   220
         Whirlwind         |       |       |       |    10 |    46 |    17 ||    73
  Evoke: Wand              |       |       |       |     1 |     4 |       ||     5
         Sack of spiders   |       |       |       |       |     3 |       ||     3
    Use: Scroll            |     1 |    15 |    11 |     7 |    11 |     3 ||    48
         Potion            |       |       |       |     1 |     1 |     2 ||     4
   Stab: Sleeping          |    18 |    29 |    61 |    84 |   245 |    45 ||   482
         Confused          |       |     7 |     6 |    20 |    52 |     7 ||    92
         Invisible         |       |       |       |    12 |    47 |    24 ||    83
         Distracted        |       |       |       |       |     5 |       ||     5
 Armour: Robe              |    35 |    92 |       |       |       |       ||   127
         Leather armour    |       |       |    38 |       |       |       ||    38
         Steam dragon scal |       |       |    47 |   199 |   490 |   133 ||   869
  Dodge: Dodged            |    51 |   140 |   124 |   193 |   800 |   191 ||  1499
  Block: Buckler           |       |       |       |    34 |   231 |    88 ||   353
         Reflection        |       |       |       |       |     8 |    14 ||    22

Table legend: (Time is in decaauts)
 A = Elapsed time spent in this place.
 B = Non-inter-level travel time spent in this place.
 C = Inter-level travel time spent in this place.
 D = Time resting spent in this place.
 E = Time spent auto-exploring this place.
 F = Levels seen in this place.
 G = Mean time per level.
                   A        B        C        D        E       F      G
               +--------+--------+--------+--------+--------+-----+--------+
         Total |  33173 |  30335 |   2838 |   5405 |  16951 |  29 | 1143.9 |
       Dungeon |  16368 |  14826 |   1542 |   2134 |   9572 |  15 | 1091.2 |
        Temple |      8 |      4 |      4 |      0 |      0 |   1 |    8.0 |
          Lair |   8696 |   8292 |    404 |   1290 |   5294 |   5 | 1739.2 |
     Snake Pit |   2040 |   1743 |    297 |    388 |    673 |   2 | 1020.0 |
  Orcish Mines |   3622 |   3032 |    590 |    795 |   1051 |   2 | 1811.0 |
       Ossuary |    627 |    627 |      0 |     87 |      1 |   1 |  627.0 |
        Bailey |    459 |    459 |      0 |    119 |     68 |   1 |  459.0 |
       Volcano |    441 |    441 |      0 |    263 |      0 |   1 |  441.0 |
      Gauntlet |    908 |    908 |      0 |    329 |    291 |   1 |  908.0 |
               +--------+--------+--------+--------+--------+-----+--------+

Top non-repeatable levels by time:
  Lair:2: 2747 daAuts
   Orc:2: 2162 daAuts
     D:9: 2121 daAuts
  Lair:5: 1890 daAuts
  Lair:1: 1765 daAuts
    D:12: 1539 daAuts
     D:7: 1480 daAuts
   Orc:1: 1460 daAuts
     D:6: 1448 daAuts
     D:3: 1345 daAuts
 Snake:1: 1334 daAuts
  Lair:4: 1201 daAuts
  Lair:3: 1090 daAuts
    D:13: 1058 daAuts
    D:11: 1027 daAuts
